Map: King's Cove LE

Players

Rex

  • Race: Zerg Zerg
  • Spawn Location: 5:00

Neeb - Winner!

  • Race: Protoss Protoss
  • League: Grandmaster
  • Spawn Location: 11:00

Event: 2019 WCS Winter Americas

VOD

Have the link to the VOD?

Description

Time

  • Played on: Feb. 3, 2019, 2:56 p.m.
  • Length: 9:00

All games in this series

Show
View Real Time Build Order
Export as new Build Order

Rex Zerg 

Build Orders: Hatch First 

Get SALT Encoding   

  12  0:01  Drone  
  13  0:13  Overlord  
  13  0:18  Drone  
  14  0:32  Drone x2  
  16  0:50  Hatchery  
  16  0:52  Drone  
  16  0:57  Drone  
  17  1:00  Drone  
  18  1:09  Extractor  
  17  1:16  Spawning Pool  
  16  1:19  Drone  
  16  1:22  Drone  
  18  1:29  Drone  
  19  1:41  Drone  
  20  1:50  Overlord  
  20  2:03  Queen x2  
  20  2:04  Zergling x4  
  26  2:12  Metabolic Boost  
  26  2:14  Drone  
  27  2:17  Drone  
  28  2:25  Drone  
  28  2:26  Drone  
  30  2:43  Hatchery  
  29  2:48  Queen  
  31  2:53  Overlord  
  31  2:55  Drone  
  32  2:58  Drone  
  32  3:02  Drone  
  34  3:07  Drone  
  34  3:08  Drone  
  36  3:14  Drone x3  
  36  3:15  Drone  
  36  3:19  Drone  
  41  3:20  Drone  
  41  3:24  Overlord  
  42  3:30  Queen  
  44  3:36  Overlord  
  44  3:43  Spore Crawler  
  44  3:47  Drone x2  
  45  3:50  Spore Crawler  
  45  3:55  Evolution Chamber  
  43  3:56  Drone x5  
  43  4:00  Overlord  
  48  4:05  Drone  
  48  4:06  Drone x2  
  51  4:19  Zergling x2  
  51  4:20  Zergling x10  
  57  4:26  Spore Crawler  
  57  4:27  Queen  
  57  4:31  Overlord, Zerg Melee Weapons Level 1  
  58  4:35  Zergling x4  
  60  4:41  Queen  
  59  4:54  Drone x3  
  59  4:55  Drone x7  
  68  5:02  Zergling x10  
  68  5:06  Zergling x4  
  74  5:16  Zergling x4  
  74  5:19  Queen  
  74  5:21  Zergling x2  
  78  5:30  Zergling x6  
  74  5:37  Drone x4  
  74  5:38  Drone x2  
  78  5:44  Lair, Extractor  
  78  5:45  Zergling x6  
  78  5:47  Drone  
  78  5:49  Overlord  
  81  5:50  Overlord  
  81  5:51  Overlord  
  81  5:53  Overlord  
  81  5:57  Overlord  
  81  5:59  Extractor  
  81  6:03  Overlord  
  77  6:11  Zergling x8  
  77  6:16  Roach Warren  
  77  6:17  Drone x2  
  80  6:19  Drone x3  
  82  6:25  Zergling x2  
  82  6:26  Zergling x12  
  82  6:31  Drone  
  86  6:33  Extractor  
  86  6:35  Extractor, Drone  
  86  6:36  Drone  
  86  6:41  Drone  
  86  6:42  Hatchery  
  86  6:44  Overlord, Zerg Missile Weapons Level 1  
  86  6:51  Overlord  
  86  6:52  Overlord  
  86  6:53  Overlord  
  86  6:55  Overlord  
  86  6:59  Overlord  
  86  7:03  Overlord  
  85  7:09  Overseer  
  80  7:18  Glial Reconstitution  
  81  7:22  Roach  
  81  7:23  Roach x12, Overlord  
  81  7:24  Overlord  
  81  7:27  Extractor, Spire  
  81  7:28  Drone x3  
  102  7:39  Roach x3  
  108  7:47  Roach  
  108  7:48  Roach x2  
  114  7:52  Ravager x5  
  114  7:56  Roach  
  114  7:57  Roach x2, Zergling x10  
  130  8:00  Roach x2  
  134  8:06  Roach  
  136  8:14  Roach x3  
  119  8:29  Roach x2  
  119  8:33  Roach x4  
  119  8:34  Roach  
  106  8:38  Roach x2  
  106  8:40  Roach x2  
  106  8:41  Roach  
Show
View Real Time Build Order
Export as new Build Order

Neeb Protoss - Winner!

Build Orders: 1 Gate Expand, Zealot Archon, Archon Drop, Dark Templar Rush 

Get SALT Encoding   

  12  0:02  Probe  
  13  0:14  Probe  
  13  0:19  Pylon  
  14  0:25  Probe  
  15  0:33  Probe  
  15  0:40  Gateway  
  15  0:42  Probe  
  16  0:48  Assimilator  
  17  0:52  Probe  
  18  1:05  Probe  
  19  1:17  Probe  
  20  1:27  Nexus  
  20  1:37  Cybernetics Core  
  20  1:39  Probe  
  21  1:45  Assimilator  
  21  1:51  Probe  
  22  1:55  Pylon  
  22  2:02  Probe  
  22  2:03  Adept  
  23  2:10  Probe  
  26  2:18  Probe  
  26  2:22  Twilight Council  
  27  2:25  Warp Gate  
  27  2:30  Probe  
  27  2:34  Pylon  
  27  2:35  Probe  
  28  2:40  Stalker  
  28  2:42  Probe  
  32  2:45  Probe  
  33  2:54  Probe  
  33  2:55  Probe  
  35  3:00  Robotics Facility  
  35  3:07  Probe  
  35  3:10  Probe  
  38  3:20  Probe  
  38  3:21  Dark Shrine  
  38  3:23  Probe  
  39  3:28  Gateway  
  39  3:29  Gateway  
  39  3:32  Probe  
  40  3:35  Probe  
  40  3:37  Warp Prism  
  40  3:39  Gateway  
  43  3:51  Assimilator  
  43  3:54  Pylon  
  43  3:56  Probe  
  43  3:57  Probe  
  43  4:00  Assimilator  
  45  4:09  Probe  
  46  4:10  Pylon  
  46  4:12  Probe  
  46  4:15  Pylon  
  47  4:21  Probe  
  48  4:24  Probe  
  49  4:33  Probe  
  49  4:36  Dark Templar x2  
  49  4:37  Dark Templar x2  
  58  4:41  Probe, Pylon  
  58  4:44  Observer  
  60  4:59  Archon  
  60  5:03  Shield Battery  
  60  5:05  Probe, Archon  
  60  5:07  Nexus  
  61  5:09  Zealot x2  
  61  5:13  Zealot  
  67  5:14  Zealot  
  67  5:20  Probe x2  
  71  5:32  Probe  
  64  5:37  Probe  
  64  5:39  Immortal  
  64  5:41  Forge  
  65  5:44  Sentry x2  
  65  5:45  Sentry  
  65  5:46  Sentry, Probe  
  65  5:49  Charge  
  74  5:50  Probe  
  75  5:58  Probe  
  75  6:02  Probe  
  77  6:06  Protoss Ground Weapons Level 1  
  77  6:10  Probe  
  78  6:11  Pylon x3  
  78  6:20  Gateway  
  78  6:21  Zealot, Gateway  
  78  6:23  Zealot  
  81  6:26  Zealot  
  81  6:32  Gateway  
  83  6:34  Immortal  
  83  6:36  Gateway  
  87  6:47  Probe x2  
  87  6:48  Sentry  
  87  6:49  Sentry  
  87  6:51  Probe  
  94  6:56  Zealot x2  
  94  7:00  Probe  
  99  7:01  Pylon  
  99  7:08  Probe x2  
  95  7:15  Zealot  
  95  7:16  Zealot x4  
  101  7:25  Probe  
  101  7:26  Zealot  
  101  7:27  Zealot  
  103  7:39  Dark Templar x4  
  103  7:40  Photon Cannon  
  103  7:43  Photon Cannon  
  111  7:48  Zealot  
  111  7:50  Dark Templar x2  
  117  7:52  Archon  
  117  7:53  Archon  
  117  7:55  Archon  
  117  8:02  Dark Templar  
  117  8:09  Zealot x4  
  125  8:18  Photon Cannon  
  124  8:25  Zealot  
  115  8:27  Zealot x5  
  123  8:35  Pylon  
  123  8:36  Pylon  
  123  8:40  Assimilator  
  118  8:41  Assimilator  
  110  8:53  Zealot x6  
Tags
 
Add a new tag
Caveats
  • Supply blocks, unpowered buildings, or Contaminate may cause inaccurate times.
  • Supply counts are checked every 10 seconds.